Map: Void Launch

Players

SentryKing

  • Race: Protoss Protoss
  • League: Diamond
  • Spawn Location: 6:00

RyuKey

  • Race: Protoss Protoss
  • League: Diamond
  • Spawn Location: 6:00

VOD

Have the link to the VOD?

Description

Time

  • Played on: June 16, 2020, 11:41 a.m.
  • Length: 27:16
Show
View Real Time Build Order
Export as new Build Order

SentryKing Protoss 

Build Orders:  

Get SALT Encoding   

  12  0:03  Probe (Chrono Boost)  
  13  0:17  Probe (Chrono Boost)  
  14  0:26  Pylon  
  14  0:31  Probe (Chrono Boost)  
  15  0:53  Probe (Chrono Boost)  
  15  0:58  Gateway  
  16  1:07  Probe (Chrono Boost)  
  17  1:16  Assimilator  
  17  1:20  Assimilator  
  17  1:34  Probe (Chrono Boost)  
  18  1:48  Probe (Chrono Boost), Gateway  
  19  2:07  Probe (Chrono Boost)  
  20  2:11  Cybernetics Core  
  20  2:21  Probe (Chrono Boost)  
  20  2:25  Pylon  
  21  2:35  Probe (Chrono Boost)  
  22  2:54  Probe (Chrono Boost)  
  23  3:08  Probe (Chrono Boost)  
  24  3:17  Warp Gate  
  24  3:22  Probe (Chrono Boost)  
  24  3:23  Pylon  
  25  3:46  Probe (Chrono Boost)  
  26  4:00  Probe (Chrono Boost)  
  27  4:13  Probe (Chrono Boost)  
  27  4:16  Twilight Council  
  27  4:17  Gateway  
  28  4:27  Probe (Chrono Boost)  
  28  4:29  Stalker  
  31  4:30  Stalker  
  31  4:39  Nexus  
  33  4:41  Probe (Chrono Boost)  
  33  4:44  Pylon  
  34  4:55  Probe (Chrono Boost)  
  35  5:09  Probe (Chrono Boost)  
  35  5:13  Stalker  
  35  5:14  Stalker  
  40  5:20  Pylon  
  40  5:23  Probe (Chrono Boost)  
  40  5:26  Assimilator  
  41  5:36  Stalker  
  43  6:04  Stalker x2  
  43  6:05  Probe (Chrono Boost)  
  48  6:10  Assimilator  
  48  6:19  Probe (Chrono Boost)  
  49  6:43  Stalker x3  
  49  6:46  Probe (Chrono Boost)  
  56  6:56  Blink  
  56  7:04  Probe (Chrono Boost)  
  56  7:05  Probe (Chrono Boost)  
  58  7:20  Stalker  
  58  7:21  Stalker  
  58  7:25  Stalker  
  64  7:47  Gateway  
  64  7:50  Gateway  
  64  8:05  Dark Pylon  
  65  8:12  Pylon  
  65  8:14  Stalker x2  
  65  8:15  Stalker  
  70  8:47  Stalker  
  70  8:48  Stalker x2  
  76  9:03  Phase Reactor  
  76  9:08  Forge  
  76  9:11  Forge  
  76  9:28  Gateway  
  76  9:29  Gateway  
  76  9:40  Pylon x2  
  76  9:52  Protoss Ground Weapons Level 1  
  76  9:53  Protoss Ground Armor Level 1  
  76  10:12  Stalker x4  
  76  10:13  Stalker  
  86  11:16  Dark Pylon  
  86  11:18  Stalker x2  
  86  11:19  Stalker x4  
  98  11:56  Stargate  
  98  11:59  Stargate  
  98  12:01  Stargate  
  94  12:37  Protoss Ground Weapons Level 2  
  94  12:38  Protoss Ground Armor Level 2  
  94  12:40  Stalker  
  94  12:41  Stalker x4  
  94  12:42  Stalker x2  
  108  12:51  Pylon  
  108  12:52  Pylon  
  108  12:53  Protoss Air Weapons Level 1  
  108  12:54  Pylon  
  108  12:59  Pylon  
  108  13:16  Stalker  
  108  13:17  Stalker x3  
  108  13:18  Stalker x3  
  122  13:30  Void Ray x2  
  130  13:50  Void Ray  
  134  14:22  Void Ray  
  134  14:23  Void Ray  
  142  15:27  Stalker  
  137  16:19  Nexus  
  137  16:59  Pylon  
  137  17:00  Pylon  
  137  17:02  Pylon  
  137  17:07  Pylon  
  137  17:09  Pylon  
  137  17:10  Pylon  
  137  17:20  Void Ray  
  137  17:25  Void Ray  
  137  17:26  Void Ray  
  149  17:53  Protoss Ground Armor Level 3  
  149  18:03  Protoss Ground Weapons Level 3  
  149  18:15  Void Ray  
  149  18:20  Stalker x2  
  149  18:21  Stalker x4  
  149  18:25  Void Ray  
  149  18:26  Void Ray  
  173  20:11  Stalker x4  
  173  20:12  Stalker x2  
  185  20:57  Stalker x2  
  189  21:17  Protoss Shields Level 1  
  189  21:49  Pylon  
  189  21:52  Pylon  
  189  22:22  Stalker  
  189  22:23  Stalker x2  
  189  22:24  Stalker x2  
  200  22:31  Probe (Chrono Boost)  
Show
View Real Time Build Order
Export as new Build Order

RyuKey Protoss 

Build Orders:  

Get SALT Encoding   

  12  0:03  Probe (Chrono Boost)  
  13  0:17  Probe (Chrono Boost)  
  14  0:25  Pylon  
  14  0:31  Probe (Chrono Boost)  
  15  0:50  Probe (Chrono Boost)  
  15  0:54  Gateway  
  16  1:04  Probe (Chrono Boost)  
  17  1:15  Assimilator  
  17  1:18  Probe (Chrono Boost)  
  18  1:26  Assimilator  
  18  1:31  Probe (Chrono Boost)  
  19  1:40  Pylon  
  19  1:45  Probe (Chrono Boost)  
  20  1:59  Probe (Chrono Boost)  
  20  2:02  Cybernetics Core  
  21  2:13  Probe (Chrono Boost)  
  22  2:33  Probe (Chrono Boost)  
  22  2:37  Gateway  
  23  2:48  Pylon, Probe (Chrono Boost)  
  24  3:00  Dragoon  
  24  3:04  Probe (Chrono Boost)  
  27  3:26  Dragoon  
  27  3:28  Probe (Chrono Boost)  
  30  3:59  Dragoon x3  
  36  4:03  Probe (Chrono Boost)  
  37  4:17  Probe (Chrono Boost)  
  38  4:22  Forge  
  38  4:31  Probe (Chrono Boost)  
  38  4:33  Twilight Council  
  39  4:50  Protoss Ground Weapons Level 1  
  39  5:04  Pylon  
  39  5:08  Pylon  
  39  5:25  Singularity Charge  
  40  5:32  Probe (Chrono Boost)  
  40  5:58  Probe (Chrono Boost)  
  40  5:59  Nexus  
  41  6:15  Probe (Chrono Boost)  
  42  6:30  Pylon  
  42  6:32  Pylon, Probe (Chrono Boost)  
  42  6:34  Trillic Compresion Mesh  
  43  6:46  Forge  
  43  6:49  Probe (Chrono Boost)  
  44  7:02  Protoss Ground Armor Level 1  
  44  7:03  Photon Cannon  
  44  7:12  Probe (Chrono Boost)  
  45  7:23  Photon Cannon  
  45  7:29  Probe (Chrono Boost)  
  46  7:36  Protoss Ground Weapons Level 2  
  46  7:46  Probe (Chrono Boost)  
  47  8:45  Probe (Chrono Boost)  
  47  8:48  Probe (Chrono Boost)  
  49  8:55  Zealot  
  49  8:56  Zealot x5  
  49  8:59  Probe (Chrono Boost)  
  61  9:05  Probe (Chrono Boost)  
  63  9:16  Probe (Chrono Boost)  
  64  9:21  Pylon  
  64  9:22  Probe (Chrono Boost)  
  64  9:23  Pylon  
  65  9:31  Photon Cannon  
  65  9:32  Photon Cannon, Protoss Ground Armor Level 2  
  65  9:33  Photon Cannon  
  65  9:35  Photon Cannon  
  65  9:41  Dragoon x2  
  69  9:58  Assimilator  
  69  9:59  Assimilator  
  69  10:16  Dragoon x2  
  73  10:28  Whirlwind  
  69  11:19  Dragoon  
  67  11:20  Dragoon x3  
  67  11:29  Gateway  
  73  11:32  Gateway  
  73  11:41  Gateway  
  73  11:45  Gateway  
  73  11:48  Gateway  
  73  11:52  Zealot  
  73  11:53  Zealot  
  73  12:08  Dragoon x2  
  73  12:25  Probe (Chrono Boost)  
  73  12:26  Probe (Chrono Boost)  
  75  12:37  Dragoon x3  
  81  13:09  Robotics Facility  
  81  13:18  Protoss Ground Weapons Level 3  
  81  13:19  Dragoon x9  
  99  13:27  Protoss Ground Armor Level 3  
  99  13:35  Photon Cannon  
  99  13:37  Pylon  
  99  13:45  Dragoon  
  101  13:51  Pylon  
  101  13:53  Pylon  
  103  14:21  Probe x2 (Chrono Boost)  
  103  14:25  Charge  
  103  14:44  Probe (Chrono Boost)  
  103  14:45  Probe (Chrono Boost)  
  103  14:48  Observer  
  103  14:49  Observer  
  108  15:01  Probe (Chrono Boost)  
  108  15:27  Observer  
  109  16:05  Zealot x8  
  121  16:39  Dragoon x2  
  125  16:58  Gateway  
  125  16:59  Gateway  
  125  17:02  Gateway  
  125  17:05  Gateway  
  125  17:09  Gateway  
  125  17:15  Gateway  
  125  17:16  Gateway  
  125  17:18  Gateway  
  125  17:20  Gateway  
  121  18:06  Zealot  
  121  18:07  Zealot x2  
  119  19:01  Zealot x3  
  119  19:02  Zealot  
  119  19:03  Protoss Shields Level 1  
  113  19:28  Pylon x2  
  111  19:31  Pylon  
  111  19:33  Pylon  
  111  19:34  Pylon  
  111  19:37  Pylon  
  110  19:40  Pylon  
  110  19:41  Pylon  
  110  19:43  Pylon  
  110  19:44  Immortal x3  
  110  19:45  Pylon  
  122  20:00  Dragoon x2  
  122  20:01  Dragoon x12  
  122  20:02  Dragoon  
  138  20:42  Dragoon x2  
  138  20:43  Dragoon x4  
  144  21:19  Dragoon x6  
  154  22:08  Dragoon x6  
  154  22:09  Dragoon x2  
  170  22:35  Observer x3  
  161  23:09  Dragoon x7  
  163  23:10  Dragoon x3  
  169  23:20  Protoss Shields Level 2  
  167  24:52  Stargate  
  167  24:57  Stargate  
  167  24:59  Dragoon  
  169  25:00  Dragoon x8  
  169  25:01  Dragoon x2  
  189  25:32  Pylon  
  189  25:42  Stargate  
  165  26:24  Dragoon x4  
  165  26:25  Dragoon x8  
  165  26:26  Dragoon x3  
Tags
 
Add a new tag
Caveats
  • Supply blocks, unpowered buildings, or Contaminate may cause inaccurate times.
  • Supply counts are checked every 10 seconds.